 Dungeon Crawl Stone Soup version 0.19.0 (webtiles) character file.

67089 PurpleRed the Executioner (level 14, -25/137 HPs)
             Began as a Minotaur Fighter on Nov 5, 2016.
             Was the Champion of Makhleb.
             Killed from afar by an orc sorcerer (35 damage)
             ... with a bolt of fire
             ... on level 2 of the Orcish Mines.
             The game lasted 00:22:20 (18321 turns).

PurpleRed the Executioner (Minotaur Fighter)       Turns: 18321, Time: 00:22:21

Health: -25/137    AC: 25    Str: 38    XL:     14   Next: 81%
Magic:  0/13       EV:  9    Int:  5    God:    Makhleb [******]
Gold:   1609       SH:  0    Dex: 11    Spells: 0 memorised, 13 levels left

rFire  . . .     SeeInvis +     P - +3 battleaxe (freeze)
rCold  . . .     Gourm    .     Q - +6 chain mail "Osiyh" {*Corrode rC- Str+8 Slay+5}
rNeg   . . .     Faith    .     (shield currently unavailable)
rPois  .         Spirit   +     W - +2 hat {SInv}
rElec  .         Reflect  .     l - +1 cloak
rCorr  +         Harm     .     v - +1 pair of gloves
MR     +....                    a - +2 pair of boots
Stlth  ..........               t - amulet of guardian spirit
                                B - ring of protection from cold
                                R - ring of resist corrosion

@: mighty, lethally poisoned (-25 -> -26), corroded, very slightly contaminated
A: retaliatory headbutt, horns 2
a: Minor Destruction, Lesser Servant of Makhleb, Major Destruction, Greater
Servant of Makhleb, Renounce Religion


You were on level 2 of the Orcish Mines.
You worshipped Makhleb.
Makhleb was exalted by your worship.
You were very hungry.

You visited 3 branches of the dungeon, and saw 20 of its levels.
You also visited: Ice Cave.

You collected 1609 gold pieces.

Inventory:

Hand Weapons
 P - a +3 battleaxe of freezing (weapon)
 X - the +8 battleaxe "Ceurate" {venom, rF++ Str-5 Dex+5}
   (You found it in an ice cave)

   It poisons the flesh of those it strikes.
   It affects your strength (-5).
   It affects your dexterity (+5).
   It greatly protects you from fire.
Armour
 a - a +2 pair of boots (worn)
 c - +0 pearl dragon scales
 l - a +1 cloak (worn)
 v - a +1 pair of gloves (worn)
 w - a +3 plate armour of poison resistance
 Q - the +6 chain mail "Osiyh" (worn) {*Corrode rC- Str+8 Slay+5}
   (You found it on level 11 of the Dungeon)

   It affects your strength (+8).
   It affects your accuracy and damage with ranged weapons and melee attacks
   (+5).
   It makes you vulnerable to cold.
   It may corrode you when you take damage.
 S - a +2 plate armour of cold resistance
 W - a +2 hat of see invisible (worn)
Jewellery
 t - an amulet of guardian spirit (around neck)
 u - an uncursed ring of flight
 B - a ring of protection from cold (right hand)
 F - an uncursed amulet of magic regeneration {unknown}
 R - a ring of resist corrosion (left hand)
Wands
 e - a wand of paralysis (14/24)
 h - a wand of hasting (4/9)
 x - a wand of iceblast (15/15)
 L - a wand of digging (11/24)
 Y - a wand of heal wounds (3/9)
Scrolls
 g - 3 scrolls of enchant weapon
 n - 7 scrolls of remove curse
 r - 6 scrolls of teleportation
 y - 3 scrolls of fear
 E - 2 scrolls of recharging
 G - 6 scrolls of identify
 N - a scroll of magic mapping
 T - 2 scrolls of enchant armour
 V - a scroll of torment {unknown}
Potions
 b - a potion of invisibility
 d - 2 potions of might
 i - 3 potions of ambrosia
 j - 9 potions of curing
 m - 3 potions of brilliance
 q - a potion of haste
 s - 4 potions of degeneration {unknown}
 z - a potion of magic
 A - 2 potions of resistance
 D - 2 potions of lignification
 J - a potion of cure mutation {unknown}
 K - 3 potions of beneficial mutation {unknown}
 O - 6 potions of flight {unknown}
 U - 2 potions of berserk rage {unknown}
 Z - 2 potions of agility {unknown}
Comestibles
 f - 9 bread rations
 k - 8 meat rations
 o - 3 slices of pizza
 I - 37 fruits


   Skills:
 + Level 16.1 Fighting
 * Level 21.3 Axes
 + Level 13.4 Armour
   Level 3.6 Shields


You had 13 spell levels left.
You didn't know any spells.

Dungeon Overview and Level Annotations

Branches:
Dungeon (12/15)            Temple (0/1) D:4            Lair (6/6) D:9
 Shoals (0/4) Lair:4        Snake (0/4) Lair:4        Slime (0/5) Lair:5
    Orc (2/2) D:11            Elf (0/3) Orc:2

Altars:
Ashenzari
Fedhas
Hepliaklqana
Makhleb
Nemelex Xobeh
Okawaru
Qazlal
Ru
Sif Muna
Uskayaw
Xom
Zin
Beogh
Jiyva

Shops:
D:5 [}   D:9 %   D:10 *   Orc:2 ?[[


Innate Abilities, Weirdness & Mutations

You reflexively headbutt those who attack you in melee.
You have a pair of horns on your head.


Message History

You feel strangely unstable. The sun demon hits you.
* * * LOW HITPOINT WARNING * * *
You are engulfed in flames!
* * * LOW HITPOINT WARNING * * *
The orc wizard mumbles some strange words.
The orc wizard flickers and vanishes for a moment.
The sun demon barely misses you. You furiously retaliate!
You headbutt the sun demon!
You feel sick.
Your surroundings suddenly seem different.
You feel sick.
Found Ciecw's Antique Armour Shoppe and Vaamaur's Antique Armour Shop.
An orc warrior and an orc priest come into view.
The orc priest shouts!
An orc knight comes into view. It is wielding a halberd.
An orc sorcerer comes into view. It is wielding a dagger.
The orc sorcerer shouts!
The orc sorcerer casts a spell at you. The bolt of fire hits you!
You die...

#.##.....#.#.. ##^#
#.#......#.#o. .#
#.)).# .o.....# .#
##))## ........ ##
#.o# ..o..... #
#.o.o ........ .#
#..##4........##..#
##.. #o....##...#
#∩. # #.@.∩## ##
.......∩###
#########


You could see an orc sorcerer and an orc priest.

Vanquished Creatures
  Rupert (Lair:6)
  Gastronok (D:8)
  A frost giant (IceCv)
  An orc warlord (Orc:2)
  6 hydras
  A centaur warrior (D:12)
  A catoblepas (Lair:6)
  A queen ant (D:10)
  2 unseen horrors
  3 hill giants (D:12)
  2 orc knights
  3 orc sorcerers
  3 ugly things
  A manticore (D:11)
  4 cyclopes
  A centaur zombie (D:11)
  Joseph (D:9)
  2 ice statues (IceCv)
  6 elephants (Lair:6)
  3 black mambas
  The ghost of edsrzf the Chiller, a novice KoIE (D:7)
  A torpor snail (Lair:5)
  10 spiny frogs
  A kobold demonologist (D:9)
  A rime drake (Lair:2)
  5 komodo dragons
  2 ice devils (Lair:2)
  2 trolls
  18 polar bears
  2 hornets (Lair:6)
  Prince Ribbit (D:7)
  9 dream sheep (Lair:6)
  8 hippogriffs
  8 blink frogs
  A shadow (D:11)
  A redback (Lair:6)
  Sigmund (D:5)
  A wraith (D:11)
  11 spriggans (Lair:6)
  8 basilisks
  48 yaks
  Grum (Lair:1)
  A hungry ghost (D:10)
  A steam dragon (D:10)
  20 soldier ants (D:10)
  9 swamp worms (Lair:6)
  4 wargs
  A naga (Lair:4)
  6 water moccasins
  14 orc warriors
  7 porcupines
  3 ice beasts
  5 sky beasts
  5 black bears
  2 necrophages
  4 ogres
  An eye of draining (D:10)
  43 wolves
  4 boggarts (Lair:6)
  6 crocodiles
  10 centaurs
  3 big kobolds
  10 bullfrogs
  2 wyvern skeletons
  A scorpion (D:6)
  16 killer bees
  9 wights
  A howler monkey (D:11)
  A bullfrog zombie (D:5)
  5 crimson imps
  9 orc priests
  2 jellies
  3 bullfrog skeletons
  3 centaur skeletons
  6 hounds
  28 worker ants
  5 iguanas
  14 orc wizards
  A killer bee zombie (D:9)
  4 hound zombies
  2 hound skeletons
  9 adders
  2 shadow imps
  3 adder skeletons
  12 worms
  3 dart slugs
  5 leopard geckos
  46 orcs
  4 giant cockroaches
  3 goblins
  5 hobgoblins
  12 jackals
  13 kobolds
  4 quokkas
  4 bats
  A frilled lizard (D:3)
  A jackal skeleton (D:6)
  A leopard gecko zombie (D:6)
  A quokka skeleton (D:5)
  5 rats
  2 bushes
  A butterfly (Lair:2)
  5 fungi
  8 plants
606 creatures vanquished.

Vanquished Creatures (others)
  5 plants
5 creatures vanquished.

Grand Total: 611 creatures vanquished

Notes
Turn   | Place    | Note
-------+----------+-------------------------------------------
     0 | D:1      | PurpleRed the Minotaur Fighter began the quest for the Orb.
     0 | D:1      | Reached XP level 1. HP: 19/19 MP: 0/0
   200 | D:1      | Reached skill level 3 in Axes
   244 | D:1      | Reached XP level 2. HP: 27/27 MP: 1/1
   656 | D:2      | Reached XP level 3. HP: 33/33 MP: 2/2
   674 | D:2      | Reached skill level 4 in Axes
   791 | D:2      | Found a stormy altar of Qazlal.
  1037 | D:2      | Found a burning altar of Makhleb.
  1040 | D:2      | Found a hazy altar of Hepliaklqana.
  1048 | D:2      | Became a worshipper of Makhleb the Destroyer
  1201 | D:3      | Reached XP level 4. HP: 40/40 MP: 3/3
  1282 | D:3      | Reached skill level 5 in Axes
  1391 | D:3      | Reached XP level 5. HP: 45/47 MP: 4/4
  1462 | D:3      | Found a shimmering altar of Xom.
  1502 | D:3      | Found a sacrificial altar of Ru.
  1835 | D:4      | Found a staircase to the Ecumenical Temple.
  1901 | D:4      | Reached * piety under Makhleb
  1901 | D:4      | Reached skill level 5 in Fighting
  1978 | D:4      | Reached skill level 6 in Axes
  2004 | D:4      | Reached XP level 6. HP: 56/56 MP: 5/5
  2200 | D:4      | Reached skill level 7 in Axes
  2529 | D:5      | Entered Level 5 of the Dungeon
  2529 | D:5      | Found Adev's Gadget Shoppe.
  2609 | D:5      | Noticed Sigmund
  2617 | D:5      | Killed Sigmund
  2617 | D:5      | Reached skill level 8 in Axes
  2617 | D:5      | Reached XP level 7. HP: 57/64 MP: 6/6
  2870 | D:5      | Found Baefyb Yluurr's Armour Shop.
  3196 | D:6      | Reached skill level 9 in Axes
  3323 | D:6      | Reached XP level 8. HP: 73/73 MP: 7/7
  3432 | D:6      | Found a sparkling altar of Nemelex Xobeh.
  3434 | D:6      | Found a glowing silver altar of Zin.
  3437 | D:6      | Reached ** piety under Makhleb
  3482 | D:6      | Reached skill level 10 in Axes
  4174 | D:6      | Found a blossoming altar of Fedhas.
  4272 | D:7      | Noticed Prince Ribbit
  4282 | D:7      | Killed Prince Ribbit
  4282 | D:7      | Reached skill level 11 in Axes
  4301 | D:7      | Noticed edsrzf's ghost (novice KoIE)
  4469 | D:7      | Killed edsrzf's ghost
  4469 | D:7      | Reached XP level 9. HP: 82/82 MP: 8/8
  4549 | D:7      | Found a faded altar of an unknown god.
  4549 | D:7      | Found a faded altar of an unknown god.
  4554 | D:7      | Found a faded altar of an unknown god.
  4561 | D:7      | Found a shattered altar of Ashenzari.
  4562 | D:7      | Found a faded altar of an unknown god.
  4855 | D:8      | Reached skill level 12 in Axes
  5508 | D:8      | Found a deep blue altar of Sif Muna.
  5799 | D:8      | Noticed Gastronok
  5842 | D:8      | Killed Gastronok
  5842 | D:8      | Reached skill level 10 in Fighting
  5842 | D:8      | Reached skill level 13 in Axes
  5842 | D:8      | Reached XP level 10. HP: 81/94 MP: 5/9
  5880 | D:8      | Found an iron altar of Okawaru.
  6036 | D:9      | Reached skill level 14 in Axes
  6257 | D:9      | Reached *** piety under Makhleb
  6357 | D:9      | Noticed Joseph
  6411 | D:9      | Found a staircase to the Lair.
  6431 | D:9      | Found Sonnoboc's Food Boutique.
  6577 | D:9      | Killed Joseph
  6632 | D:9      | Reached skill level 5 in Armour
  6867 | D:10     | Entered Level 10 of the Dungeon
  6951 | D:10     | Reached skill level 15 in Axes
  7327 | D:10     | Reached **** piety under Makhleb
  7327 | D:10     | Reached XP level 11. HP: 104/104 MP: 10/10
  7565 | D:10     | Found Mosiara's Assorted Antiques.
  7927 | D:10     | Noticed a queen ant
  7940 | D:10     | Killed a queen ant
  7940 | D:10     | Reached skill level 16 in Axes
  7947 | D:10     | Reached ***** piety under Makhleb
  8444 | D:11     | Killed an unseen horror
  8719 | D:11     | Noticed a cyan ugly thing
  8723 | D:11     | Killed a cyan ugly thing
  8773 | D:11     | Got a fine chain mail
  8793 | D:11     | Found a roughly hewn altar of Beogh.
  8793 | D:11     | Found a staircase to the Orcish Mines.
  8899 | D:11     | Reached skill level 17 in Axes
  8910 | D:11     | Reached XP level 12. HP: 73/113 MP: 6/11
  9533 | D:12     | Noticed a centaur warrior
  9538 | D:12     | Killed a centaur warrior
  9849 | D:12     | Reached ****** piety under Makhleb
  9849 | D:12     | Reached skill level 18 in Axes
 10003 | D:12     | Noticed a four-headed hydra
 10012 | D:12     | Killed a ten-headed hydra
 10012 | D:12     | Reached skill level 10 in Armour
 10633 | Lair:1   | Entered Level 1 of the Lair of Beasts
 10649 | Lair:1   | Identified the +6 chain mail "Osiyh" {*Corrode rC- Str+8 Slay+5} (You found it on level 11 of the Dungeon)
 10795 | Lair:1   | Noticed Grum
 10800 | Lair:1   | Killed Grum
 11305 | Lair:1   | Reached XP level 13. HP: 124/124 MP: 12/12
 12157 | Lair:2   | Found a frozen archway.
 12172 | IceCv    | Entered an ice cave
 12194 | IceCv    | Reached skill level 19 in Axes
 12469 | IceCv    | Noticed a frost giant
 12480 | IceCv    | Killed a frost giant
 12558 | IceCv    | Got a shimmering battleaxe
 12559 | IceCv    | Identified the +8 battleaxe "Ceurate" {venom, rF++ Str-5 Dex+5} (You found it in an ice cave)
 14098 | Lair:4   | Reached skill level 15 in Fighting
 14115 | Lair:4   | Found a staircase to the Snake Pit.
 14154 | Lair:4   | Found a hide-covered altar of Uskayaw.
 14444 | Lair:4   | Found a staircase to the Shoals.
 14449 | Lair:4   | Reached skill level 20 in Axes
 15480 | Lair:5   | Found a viscous altar of Jiyva.
 15481 | Lair:5   | Found a staircase to the Slime Pits.
 15576 | Lair:5   | Reached XP level 14. HP: 135/135 MP: 11/13
 15894 | Lair:6   | Entered Level 6 of the Lair of Beasts
 16365 | Lair:6   | Noticed Rupert
 16386 | Lair:6   | Killed Rupert
 17148 | Orc:1    | Entered Level 1 of the Orcish Mines
 17151 | Orc:1    | Reached skill level 21 in Axes
 17439 | Orc:2    | Entered Level 2 of the Orcish Mines
 17443 | Orc:2    | Noticed an orc warlord
 18085 | Orc:2    | Killed an orc warlord
 18240 | Orc:2    | Found a staircase to the Elven Halls.
 18284 | Orc:2    | Found Ugohevia's Magic Scroll Shoppe.
 18319 | Orc:2    | Found Ciecw's Antique Armour Shoppe.
 18319 | Orc:2    | Found Vaamaur's Antique Armour Shop.
 18321 | Orc:2    | Killed from afar by an orc sorcerer

Skill      XL: |  1  2  3  4  5  6  7  8  9 10 11 12 13 14 |
---------------+-------------------------------------------+-----
Axes           | 3 4 5 6 8 9 11 13 15 17 18 20 21 | 21.3
Fighting       | 4 5 6 7 8 10 11 12 14 15 16 | 16.1
Armour         | 5 8 10 12 13 | 13.4
Shields        | |  3.6

Action                   |  1- 3 |  4- 6 |  7- 9 | 10-12 | 13-15 || total
-------------------------+-------+-------+-------+-------+-------++-------
Melee: War axe           |    76 |   118 |    52 |       |       ||   246
       Headbutt          |    10 |    22 |    45 |   146 |   147 ||   370
       Broad axe         |       |       |   144 |   400 |       ||   544
       Battleaxe         |       |       |       |   247 |   488 ||   735
  Use: Scroll            |       |    12 |     6 |     8 |     4 ||    30
       Potion            |       |       |       |     1 |     4 ||     5
  Eat: Chunk             |     1 |     5 |     8 |     7 |    15 ||    36
       Royal jelly       |       |       |     1 |     1 |       ||     2
       Beef jerky        |       |       |       |     2 |     1 ||     3
       Fruit             |       |       |       |     8 |     7 ||    15
Armor: Chain mail        |    36 |    49 |   112 |   395 |   363 ||   955
       Scale mail        |     3 |       |       |       |       ||     3
Dodge: Dodged            |    21 |    16 |    36 |   167 |   207 ||   447
Block: Shield            |    43 |    51 |    97 |   181 |       ||   372
